 Dungeon Crawl Stone Soup version 0.30-a0-219-gf2db51d15e (webtiles) character file.

Game seed: 2010951400316761323

73 ytrimaz the Trooper (level 4, -1/35 (38) HPs)
             Began as a Formicid Fighter on Oct 6, 2022.
             Slain by a gnoll
             ... wielding a +0 flail
              (8 damage)
             ... on level 3 of the Dungeon.
             The game lasted 00:02:41 (1908 turns).

ytrimaz the Trooper (Formicid Fighter)              Turns: 1908, Time: 00:02:41

HP:   -1/35 (38)    AC:  8    Str: 18 (21) XL:     4   Next: 51%
MP:   4/4           EV:  9    Int:  6 (7)  God:
Gold: 127           SH:  5    Dex: 13 (15) Spells: 3/3 levels left

rFire   . . .      SeeInvis +    a - +0 long sword
rCold   . . .      Faith    .    c - +0 buckler
rNeg    . . .      Spirit   .    b - +1 scale mail
rPois   .          Reflect  .    (helmet unavailable)
rElec   .          Harm     .    (no cloak)
rCorr   .          Rampage  .    (no gloves)
Will    .....                    (no boots)
Stlth   ..........               (no amulet)
HPRegen 0.25/turn                (no ring)
MPRegen 0.09/turn                (no ring)

@: drained
A: permanent stasis, dig shafts and tunnels, antennae 3, four strong arms
a: Dig, Shaft Self


You were on level 3 of the Dungeon.
You visited 1 branch of the dungeon, and saw 3 of its levels.

You collected 127 gold pieces.


Innate Abilities, Weirdness & Mutations

You cannot be hasted, slowed, berserked, paralysed or teleported.
You can dig through walls and to a lower floor.
You have a pair of large antennae on your head. (SInv)
Your four strong arms can wield two-handed weapons with a shield.


   Skills:
 + Level 4.5 Fighting
 - Level 2.0 Long Blades
 + Level 4.5 Armour
 - Level 4.0 Shields


You had 3 spell levels left.
You didn't know any spells.
Your spell library contained the following spells:

 Spells                   Type           Power      Damage    Failure   Level
 Kiss of Death            Conj/Necr      0%         2d5       88%         1
 Confusing Touch          Hex            0%         N/A       99%         3
 Dispel Undead            Necr           0%         3d6       100%        4

Inventory:

Hand Weapons
 a - a +0 long sword (weapon)
Armour
 b - a +1 scale mail (worn)
 c - a +0 buckler (worn)
Wands
 d - a wand of flame (12)
   (You took it off Ijyb on level 3 of the Dungeon)
Scrolls
 e - a scroll of fear
 l - a scroll of vulnerability

Dungeon Overview and Level Annotations

Branches:
Dungeon (3/15) Zot: 16048

Altars:

#g# ##....###########.....### #{#
##.##.#.......##.....# #{#
#.##.#.#..##.#......# #####.#
#.##.......#(..#....# #....{#
#.####.##..#..##...)# #.....#
#....{{{......##....#
#.....#######..#{##.>..###[...#
+[.....gg{.....##g##.#.# #....#
#.....#######..#@###.#.###....###
#####.# #...### #.....###.....
#.######...# #.....# #.....
#..........# #.....# #..... {
########...# #.....###..... #...#
#.....'.'..... #...#
##.....###..... #...# #......#
#..... #...# #......# ####'#


You could see a gnoll.


Message History

The gnoll attacks as you move away! The gnoll hits you but does no damage.
The gnoll closely misses you. 😮 HP[+1] It was a potion of heal wounds.
You feel much better. 😎 HP[+13]
Your hp is fully restored (38).
It was a potion of degeneration.
There was something very wrong with that liquid.
You feel weakened.
You feel dopey.
You feel clumsy.
The gnoll hits you from afar with a +0 spear. 😕 HP[-6]
You take 6 damage, and now have 32/38 hp.
As you read the scroll labelled ANESOSEANO, it crumbles to dust.
Your stasis prevents you from teleporting.
It was a scroll of blinking.
The gnoll hits you from afar with a +0 spear. 😕 HP[-1]
You take 1 damage, and now have 31/38 hp. 😕 HP[+1]
As you read the scroll labelled BIECSE RAWIB, it crumbles to dust.
It is a scroll of identify.
You don't have any unidentified items.
The gnoll hits you from afar with a +0 spear. 😮 HP[-5]
You take 5 damage, and now have 27/38 hp.
The gnoll closely misses you.
You barely miss the gnoll. The gnoll hits you with a +0 spear.
The gnoll hits you but does no damage.
You hit the gnoll. The gnoll hits you with a +0 spear!
* * * LOW HITPOINT WARNING * * *
😨 HP[-8]
You take 8 damage, and now have 19/38 hp.
MASSIVE DAMAGE!! (PAUSE)
You hit the gnoll. The gnoll hits you but does no damage.
You hit the gnoll but do no damage. You block the gnoll's attack.
The gnoll hits you with a +0 spear.
* * * LOW HITPOINT WARNING * * *
😨 HP[-2]
You take 2 damage, and now have 17/38 hp.
You barely miss the gnoll. The gnoll hits you but does no damage.
Unknown command.
You closely miss the gnoll. The gnoll barely misses you.
You block the gnoll's attack. 😨 HP[+1] 😨 HP[+1] 😮 HP[+1] 😮 HP[+1] 😮 HP[+1]
You extend your mandibles.
You dig through the rock wall.
You feel drained. 😮 HP[+1]
You now have 36 max hp (-2).
You dig through the rock wall.
You feel drained.
You now have 34 max hp (-2).
Unknown command.
You dig through the rock wall.
You feel drained.
You now have 33 max hp (-1).
You start resting.
A gnoll is nearby! 😮 HP[+1] Unknown command.
You retract your mandibles.
You barely miss the gnoll. You block the gnoll's attack. x2
Unknown command.
You slash the gnoll! The gnoll hits you but does no damage.
You barely miss the gnoll. The gnoll hits you but does no damage.
The gnoll hits you with a +0 spear.
Unknown command.
You hit the gnoll.
You kill the gnoll!
You now have 34 max hp (+1).
Unknown command.
You barely miss the gnoll. You block the gnoll's attack.
Unknown command.
You closely miss the gnoll. The gnoll barely misses you.
You block the gnoll's attack. 😮 HP[+1]
You slash the gnoll! The gnoll hits you but does no damage.
You slash the gnoll!
You kill the gnoll!
You now have 35 max hp (+1).
You hit the gnoll but do no damage. The gnoll hits you with a +0 flail.
The gnoll hits you with a +0 flail!
* * * LOW HITPOINT WARNING * * *
😨 HP[-11]
You take 11 damage, and now have 14/35 hp.
MASSIVE DAMAGE!! (PAUSE)
You barely miss the gnoll. The gnoll hits you but does no damage.
You barely miss the gnoll. The gnoll barely misses you.
You hit the gnoll. The gnoll barely misses you.
The gnoll hits you with a +0 flail!
* * * LOW HITPOINT WARNING * * *
😱 HP[-7]
You take 7 damage, and now have 7/35 hp.
You hit the gnoll. You block the gnoll's attack.
You closely miss the gnoll. The gnoll hits you with a +0 flail!
You die...

Skill      XL: |  1  2  3 |
---------------+----------+-----
Fighting       | 4 |  4.5
Armour         | 4 |  4.5
Long Blades    | |  2.0
Shields        | |  4.0

Action                   |  1- 3 |  4- 6 || total
-------------------------+-------+-------++-------
Melee: Long sword        |    93 |    29 ||   122
 Abil: Dig               |       |     1 ||     1
  Use: Scroll            |     7 |     2 ||     9
       Potion            |     1 |     2 ||     3
Armor: Scale mail        |    57 |    14 ||    71
Dodge: Dodged            |    53 |    14 ||    67
Block: Buckler           |    26 |     8 ||    34

Levels and vault maps discovered:
D:1:      heliophobic_arrival_ceremonial_halls, layout_rooms,
          shapermc_ecumenical_altar_mp_ritualfount,
          nicolae_concentric_dashed_squares_mild
D:2:      layout_basic
D:3:      layout_basic, tgw_xom, uniq_ijyb

Notes
Turn   | Place    | Note
-------+----------+-------------------------------------------
     0 | D:1      | ytrimaz the Formicid Fighter began the quest for the Orb.
     0 | D:1      | Reached XP level 1. HP: 18/18 MP: 1/1
     0 | D:1      | magus.rc [v1.9.6]
   242 | D:1      | Reached XP level 2. HP: 24/24 MP: 2/2
   250 | D:1      | Found a faded altar of an unknown god.
  1479 | D:3      | Reached XP level 3. HP: 29/30 MP: 3/3
  1534 | D:3      | You pick up a book of Touch and begin reading...
  1534 | D:3      | You add the spells Kiss of Death, Confusing Touch and
                  | Dispel Undead to your library.
  1561 | D:3      | Noticed Ijyb
  1568 | D:3      | HP: 4/30 [Ijyb/puff of flame (11)]
  1569 | D:3      | HP: 1/30 [Ijyb/puff of flame (3)]
  1570 | D:3      | Killed Ijyb
  1571 | D:3      | Reached skill level 4 in Fighting
  1571 | D:3      | Reached skill level 4 in Armour
  1571 | D:3      | Reached XP level 4. HP: 2/37 MP: 4/4
  1906 | D:3      | HP: 7/35 [gnoll/+0 flail (8)]
  1908 | D:3      | Slain by a gnoll

Vanquished Creatures
  Ijyb (D:3)
  2 gnolls (D:3)
  A worm (D:3)
  A dart slug (D:3)
  3 endoplasms
  A giant cockroach (D:3)
  2 hobgoblins (D:1)
  3 jackals (D:2)
  A ball python (D:1)
  4 bats
  A frilled lizard (D:3)
  A goblin (D:1)
  2 kobolds (D:3)
  4 rats
27 creatures vanquished.

Table legend:
 A = Non-vault XP
 B = Vault XP
 C = Vault XP percentage of total XP
 D = Non-vault monster count
 E = Vault monster count
 F = Vault count percentage of total count
                 A         B        C        D         E       F
            +---------+---------+-------+---------+---------+-------
      Total |      69 |      36 |  34.3 |      26 |       1 |   3.7
            +---------+---------+-------+---------+---------+-------
        D:1 |      14 |       0 |   0.0 |      10 |       0 |   0.0
        D:2 |       9 |       0 |   0.0 |       5 |       0 |   0.0
        D:3 |      46 |      36 |  43.9 |      11 |       1 |   8.3
            +---------+---------+-------+---------+---------+-------

Illustrated notes

Table legend:
 A = Kills in this place as a percentage of kills in entire the game.
 B = Kills by you in this place as a percentage of kills by you in the entire game.
 C = Kills by friends in this place as a percentage of kills by friends in the entire game.
 D = Other kills in this place as a percentage of other kills in the entire game.
 E = Experience gained in this place as a percentage of experience gained in the entire game.
 F = Experience gained in this place divided by the number of levels of this place that you have seen.
                   A       B       C       D       E      F
               +-------+-------+-------+-------+-------+----------------------
         Total | 100.0 | 100.0 |   N/A |   N/A | 100.0 |  35.0
       Dungeon | 100.0 | 100.0 |   N/A |   N/A | 100.0 |  35.0
               +-------+-------+-------+-------+-------+----------------------

Table legend: (Time is in decaauts)
 A = Elapsed time spent in this place.
 B = Non-inter-level travel time spent in this place.
 C = Inter-level travel time spent in this place.
 D = Time resting spent in this place.
 E = Time spent auto-exploring this place.
 F = Levels seen in this place.
 G = Mean time per level.
                   A        B        C        D        E       F      G
               +--------+--------+--------+--------+--------+-----+--------+
         Total |   1949 |   1912 |     37 |     18 |   1582 |   3 |  649.7 |
       Dungeon |   1949 |   1912 |     37 |     18 |   1582 |   3 |  649.7 |
               +--------+--------+--------+--------+--------+-----+--------+

Top non-repeatable levels by time:
     D:3: 666 daAuts
     D:2: 655 daAuts
     D:1: 628 daAuts
